 Dungeon Crawl Stone Soup version 0.19.3-1-g3169bf9 (webtiles) character file.

328036 Angani the Phalangite (level 21, -10/164 HPs)
             Began as a Merfolk Gladiator on Jan 24, 2017.
             Was the Champion of Ru.
             Mangled by a phantasmal warrior (28 damage)
             ... on level 2 of the Crypt on Jan 26, 2017.
             The game lasted 03:16:23 (58585 turns).

Angani the Phalangite (Merfolk Gladiator)          Turns: 58585, Time: 03:16:24

Health: -10/164    AC: 22    Str: 15    XL:     21   Next: 68%
Magic:  33/33      EV: 24    Int: 11    God:    Ru [******]
Gold:   1720       SH: 26    Dex: 26    Spells: 6 memorised, 22 levels left

rFire  + . .     SeeInvis .     m - +9 demon trident (elec)
rCold  . . .     Gourm    .     t - +8 scale mail of Mezcal {+Fly rElec rF+ rN+}
rNeg   + + .     Faith    .     a - +3 shield
rPois  .         Spirit   .     c - +2 helmet
rElec  +         Reflect  +     w - +2 cloak
rCorr  .         Harm     .     M - +2 pair of gloves {Dex+3}
MR     .....     Clarity  +     D - +1 pair of boots {run}
Stlth  ++++......               V - brooch of Shielding {Reflect SH+8}
                                n - +4 ring of slaying
                                g - ring of positive energy

@: vulnerable, very slightly contaminated, quick
A: change form in water, swift swim, stealthy swim, clarity, clever 1, deformed
body, frail 1, sense surroundings 1, hated by all, inability to train armour, no
conjurations magic, no ice magic, no necromancy magic, disrupted magic 1,
unskilled 1
a: Draw Out Power, Power Leap, Apocalypse, Renounce Religion, Evoke Flight
}: 2/15 runes: barnacled, gossamer


You were on level 2 of the Crypt.
You worshipped Ru.
Ru was exalted by your worship.
You were full.

You visited 7 branches of the dungeon, and saw 37 of its levels.
You visited 2 bazaars.
You also visited: Labyrinth and Ice Cave.

You collected 4806 gold pieces.
You spent 3086 gold pieces at shops.

Inventory:

Hand Weapons
 m - a +9 demon trident of electrocution (weapon)
Missiles
 d - 13 throwing nets (quivered)
Armour
 a - a +3 shield (worn)
 c - a +2 helmet (worn)
 t - the +8 scale mail of Mezcal (worn) {+Fly rElec rF+ rN+}
   (You found it on level 3 of the Vaults)

   It protects you from fire.
   It insulates you from electricity.
   It protects you from negative energy.
   It lets you fly.
 w - a +2 cloak (worn)
 D - a +1 pair of boots of running (worn)
 M - a +2 pair of gloves of dexterity (worn)
Jewellery
 g - a ring of positive energy (left hand)
 h - an uncursed ring of wizardry
 n - a +4 ring of slaying (right hand)
 y - the ring of Beauty {rF- rC++ MP+9}
   (You acquired it on level 4 of the Vaults)

   [ring of magical power]

   It makes you vulnerable to fire.
   It greatly protects you from cold.
   It affects your magic capacity (+9).
 B - an uncursed ring of protection from magic
 I - an uncursed ring of fire
 T - an uncursed ring of protection from fire
 V - the brooch of Shielding (around neck) {Reflect SH+8}
   (You found it on level 6 of the Lair of Beasts)

   [amulet of reflection]

   It shields you and reflects attacks.
   It affects your SH (+8).
Wands
 z - a wand of digging (6/24)
 A - a wand of hasting (7/9)
 H - a wand of teleportation (2/9)
 N - a wand of lightning (3/15)
 X - a wand of hasting (5/9)
Scrolls
 e - a scroll of enchant weapon
 i - 11 scrolls of recharging
 j - 5 scrolls of fear
 s - 4 scrolls of teleportation
 u - 7 scrolls of remove curse
 J - 2 scrolls of torment
 P - 5 scrolls of fog
 Z - 5 scrolls of blinking
Potions
 k - 6 potions of curing
 o - 2 potions of cancellation
 q - 2 potions of berserk rage
 r - 2 potions of invisibility
 v - a potion of cure mutation
 x - 2 potions of resistance
 C - 10 potions of flight
 F - 4 potions of agility
 G - 2 potions of mutation
 L - 6 potions of ambrosia
 O - 2 potions of magic
 R - 8 potions of brilliance
 S - 4 potions of might
 W - 5 potions of haste
 Y - 5 potions of lignification
Comestibles
 f - 20 bread rations
 l - 31 royal jellies
 p - 5 meat rations


   Skills:
 - Level 20.0 Fighting
 + Level 21.3 Polearms
 - Level 1.7 Throwing
 - Level 18.0 Dodging
 - Level 9.5 Stealth
 - Level 15.0 Shields
 - Level 8.0 Spellcasting
 - Level 4.1 Charms
 - Level 4.0 Translocations
 - Level 5.0 Air Magic


You had 22 spell levels left.
You knew the following spells:

 Your Spells              Type           Power        Failure   Level  Hunger
a - Blink                 Tloc           N/A          28%         2    #......
b - Repel Missiles        Chrm/Air       ##....       24%         2    #......
c - Swiftness             Chrm/Air       ##......     24%         2    #......
d - Shroud of Golubria    Chrm/Tloc      ##........   28%         2    #......
e - Lesser Beckoning      Tloc           ##........   47%         3    ###....
f - Portal Projectile     Tloc           ##....       47%         3    ###....


Dungeon Overview and Level Annotations

Branches:
Dungeon (15/15)            Temple (0/1) D:6            Lair (6/6) D:8
 Shoals (4/4) Lair:4       Spider (4/4) Lair:4        Slime (0/5) Lair:5
    Orc (2/2) D:10            Elf (0/3) Orc:2        Vaults (4/5) D:14
  Crypt (2/3) Vaults:2     Depths (0/5) D:15

Altars:
Ashenzari
Elyvilon
Fedhas
Kikubaaqudgha
Nemelex Xobeh
Okawaru
Ru
Trog
Uskayaw
Vehumet
Xom
Yredelemnul
Zin
Beogh

Shops:
D:10 %   D:14 (   Orc:2 }[*=   Vaults:1 }

Annotations:
D:8 1 runed door
Lair:1 exclusion: oklob plant


Innate Abilities, Weirdness & Mutations

You revert to your normal form in water.
You are very nimble and swift while swimming.
You are very stealthy in the water. (Stealth+)
You are frail. (-10% HP)
You are hated by all.
You cannot train Armour skill.
You cannot study or cast Conjurations magic.
You cannot study or cast Ice magic.
You cannot study or cast Necromancy magic.
Your casting is slightly disrupted.
You are somewhat unskilled. (-1 Apt)
You possess an exceptional clarity of mind.
Your mind is acute. (Int +2)
Armour fits poorly on your strangely shaped body.
You passively map a small area around you.


Message History

* * * LOW HITPOINT WARNING * * *
You puncture the ghoul!
There is a sudden explosion of sparks!
You destroy the ghoul!
Your life force feels restored.
You hit the phantasmal warrior.
There is a sudden explosion of sparks!
The phantasmal warrior is moderately damaged.
You block the phantasmal warrior's attack.
You closely miss the phantasmal warrior.
The phantasmal warrior is moderately damaged.
You block the phantasmal warrior's attack.
The ghoul claws you!
* * * LOW HITPOINT WARNING * * *
You block the ghoul's attack.
You closely miss the phantasmal warrior.
The phantasmal warrior is moderately damaged.
You puncture the phantasmal warrior!
The phantasmal warrior is heavily damaged.
You hear a shout!
The phantasmal warrior hits you!!
You die...

, *#####..(#..#.#
........####.# ≈
######.......#
#.......# ≈ *
#.......# , . *
#.......# , ≈ ..
#.......# #.#
#.......# # , #.#
#@......# ..
#.#######Wn.....#
,...
#..W.{..eZ......#
#.≈
#....#########..#
, 'W≈≈#....# ..#
#≈≈≈#....# .#
#≈≈≈'....# , #
#≈≈≈≈#§Z..#
#≈≈≈≈#.WZn# ,


You could see a ghoul, a deep elf death mage, a phantasmal warrior and a shadow
dragon zombie.

Vanquished Creatures
  Mennas (Vaults:2)
  A lich (Vaults:4)
  A shard shrike skeleton (Crypt:1)
  A sphinx (Vaults:4)
  Gastronok (Lair:2)
  Agnes (Spider:4)
  The ghost of Lahna the Fencer, an adept MiFi of the Shining One (D:15)
  A kraken (Shoals:3)
  3 ancient champions
  2 fire giants (Vaults:4)
  A frost giant (Vaults:3)
  2 revenants
  2 deep elf sorcerers
  The ghost of Kiel97 the Severer, a journeyman HuWn of Trog (Orc:2)
  5 ghost moths
  A deep elf elementalist (Vaults:4)
  10 vault wardens
  6 emperor scorpions
  12 ironheart preservers
  5 ghouls
  A very ugly thing (Vaults:1)
  3 stone giants
  2 vampire knights
  4 entropy weavers
  A deep elf annihilator (Vaults:2)
  2 spark wasps
  Azrael (D:12)
  Snorg (D:12)
  2 ettins
  3 deep elf death magi
  4 merfolk javelineers
  3 eidola
  4 merfolk impalers
  A minotaur (Lab)
  2 jiangshi
  2 fire dragons
  Josephine (D:15)
  5 ice dragons
  5 yaktaur captains
  A rakshasa (Vaults:3)
  2 catoblepae
  Fannar (Orc:1)
  4 hydras
  2 merfolk avatars (Shoals:4)
  12 vault guards
  7 centaur warriors
  2 death knights
  4 merfolk aquamancers
  8 death yaks
  5 satyrs
  A deep troll shaman (Vaults:2)
  2 vampire magi (Crypt:1)
  9 ogre magi
  2 deep troll earth magi
  3 orc high priests (Orc:2)
  Urug (Orc:1)
  A small abomination (Vaults:2)
  A storm dragon zombie (Crypt:2)
  The ghost of Lahna the Cruncher, a novice GrGl of Okawaru (D:10)
  20 slime creatures
  7 deep elf knights
  2 shadow wraiths
  4 unseen horrors
  28 skeletal warriors
  2 flayed ghosts
  An anaconda zombie (Crypt:1)
  10 sea snakes
  3 deep trolls
  3 wizards
  5 phantasmal warriors
  10 ironbrand convokers
  2 deep elf archers
  A glowing orange brain (Vaults:3)
  5 hill giants
  20 harpies
  A wolf spider zombie (D:15)
  10 orc knights
  A lindwurm (Lair:6)
  20 orb spiders
  A harpy (shapeshifter) (Vaults:4)
  5 orc sorcerers
  40 ugly things
  A necromancer (Crypt:1)
  9 manticores
  22 wolf spiders
  7 cyclopes
  10 fauns
  12 deep elf magi
  A moth of wrath (Spider:4)
  Maurice (D:8)
  2 ice statues (IceCv)
  A guardian serpent (shapeshifter) (Vaults:2)
  A cyclops (shapeshifter) (D:15)
  A stone giant skeleton (Crypt:1)
  7 elephants (Lair:6)
  2 centaur zombies
  9 sirens
  2 black mambas (Lair:6)
  7 torpor snails
  Psyche (D:8)
  3 water nymphs
  13 vault sentinels
  10 spiny frogs
  A pale draconian zombie (Crypt:1)
  4 rime drakes
  25 yaktaurs
  A rime drake (shapeshifter) (Vaults:4)
  2 ice devils (Lair:6)
  16 demonic crawlers
  7 freezing wraiths
  5 komodo dragons
  29 jumping spiders
  5 trolls
  A troll (shapeshifter) (Vaults:2)
  A hydra zombie (Crypt:2)
  A meliai (shapeshifter) (Vaults:4)
  3 meliai (D:13)
  Grinder (D:6)
  A queen bee (Lair:3)
  4 wind drakes
  A harpy skeleton (D:15)
  An ettin zombie (Crypt:1)
  34 merfolk
  12 polar bears
  An iron troll skeleton (Crypt:1)
  2 bog bodies
  4 tyrant leeches (Lair:6)
  13 hornets
  20 two-headed ogres
  4 raiju (Lair:6)
  12 dream sheep
  3 snapping turtles
  9 hippogriffs
  13 blink frogs
  A sphinx simulacrum (Vaults:1)
  A meliai zombie (Crypt:1)
  A blink frog (shapeshifter) (Vaults:2)
  A frost giant simulacrum (Vaults:4)
  19 tarantellas
  80 redbacks
  15 yaks
  6 shadows
  13 water elementals
  A vampire (D:11)
  2 wyverns
  9 hogs
  11 wraiths
  A basilisk (Lair:5)
  A human (D:7)
  7 fire elementals
  Eustachio (D:4)
  2 hungry ghosts
  A hog (shapeshifter) (Vaults:1)
  5 vampire mosquitoes
  Menkaure (D:6)
  8 wargs
  2 mottled dragons
  3 soldier ants
  12 water moccasins
  8 hell hounds
  6 porcupines
  7 necrophages
  A spiny frog skeleton (Crypt:1)
  31 orc warriors
  18 ice beasts
  5 sky beasts
  An ice dragon simulacrum (Crypt:1)
  37 ogres
  The ghost of Kiel97 the Skirmisher, an amateur DrMo of Uskayaw (D:3)
  An eye of draining (D:11)
  14 black bears
  5 phantoms
  20 wolves
  A boggart (Vaults:1)
  7 centaurs
  11 crocodiles
  Blork the orc (D:6)
  A crocodile (shapeshifter) (Vaults:4)
  2 big kobolds
  13 bullfrogs
  5 scorpions
  A queen bee zombie (Crypt:1)
  39 killer bees
  A warg skeleton (Crypt:1)
  2 electric eels
  3 howler monkeys
  19 wights
  4 crimson imps
  2 bullfrog zombies
  21 hounds
  A lava snake (D:15)
  3 centaur skeletons
  2 jellies
  20 orc wizards
  18 orc priests
  Crazy Yiuf (D:4)
  6 iguanas
  16 worker ants
  A deep dwarf skeleton (Crypt:1)
  2 hound zombies
  2 worker ant zombies (D:6)
  9 gnolls
  11 adders
  3 shadow imps
  A white imp (Vaults:4)
  An ufetubus (Vaults:4)
  2 adder skeletons
  7 worms
  2 dart slugs
  8 leopard geckos
  83 orcs
  A ball python (D:1)
  7 bats
  11 giant cockroaches
  11 goblins
  12 hobgoblins
  12 jackals
  9 quokkas
  A ball python zombie (Crypt:2)
  6 frilled lizards
  18 kobolds
  A kobold zombie (Crypt:1)
  An orc skeleton (Crypt:1)
  A quokka skeleton (D:9)
  8 rats
  2 butterflies (Lair:6)
  A fire vortex (D:15)
  6 plants
  4 tentacles (Shoals:3)
1536 creatures vanquished.

Vanquished Creatures (others)
  Kirke (D:12)
  A vault warden (Vaults:2)
  A slime creature (D:14)
  A yaktaur captain (Vaults:2)
  A merfolk aquamancer (Shoals:3)
  3 satyrs
  A shadow wraith (Vaults:4)
  A deep troll (Vaults:2)
  An unseen horror (D:11)
  An ironbrand convoker (Vaults:4)
  A deep elf mage (Vaults:2)
  3 manticores
  2 fauns (Shoals:3)
  A siren (Shoals:3)
  A yaktaur (shapeshifter) (Vaults:3)
  12 yaktaurs
  A komodo dragon (Lair:5)
  A troll (D:12)
  A polar bear (Lair:6)
  A hornet (Vaults:4)
  2 redbacks
  A yak (D:9)
  An orc warrior (Vaults:4)
  2 ogres
  A centaur (D:14)
  2 bullfrogs
  A crimson imp (Spider:2)
  2 centaur zombies
  An orc priest (Orc:2)
  3 orcs
  9 fungi
  35 plants
  3 tentacles (Shoals:3)
99 creatures vanquished.

Grand Total: 1635 creatures vanquished

Notes
Turn   | Place    | Note
-------+----------+-------------------------------------------
     0 | D:1      | Angani the Merfolk Gladiator began the quest for the Orb.
     0 | D:1      | Reached XP level 1. HP: 16/16 MP: 1/1
    70 | D:1      | Reached XP level 2. HP: 21/22 MP: 2/2
   430 | D:1      | Reached skill level 5 in Dodging
   841 | D:1      | Reached XP level 3. HP: 26/27 MP: 3/3
  1417 | D:2      | Reached XP level 4. HP: 33/33 MP: 4/4
  2720 | D:3      | Reached XP level 5. HP: 30/38 MP: 5/5
  2933 | D:3      | Found a bloodstained altar of Trog.
  2999 | D:3      | Noticed Kiel97's ghost (amateur DrMo)
  3004 | D:3      | Gained mutation: You possess an exceptional clarity of mind. [potion of beneficial mutation]
  3018 | D:3      | Killed Kiel97's ghost
  3018 | D:3      | Reached XP level 6. HP: 44/44 MP: 6/6
  3528 | D:4      | Found a sacrificial altar of Ru.
  3536 | D:4      | Became a worshipper of Ru the Awakened
  3871 | D:4      | Noticed Eustachio
  3918 | D:4      | Killed Eustachio
  3918 | D:4      | Reached skill level 10 in Dodging
  3918 | D:4      | Reached XP level 7. HP: 18/50 MP: 7/7
  4133 | D:4      | Reached skill level 5 in Polearms
  4233 | D:4      | Reached skill level 6 in Polearms
  4248 | D:4      | Reached skill level 7 in Polearms
  4376 | D:4      | Reached skill level 8 in Polearms
  4376 | D:4      | Reached XP level 8. HP: 45/56 MP: 8/8
  4460 | D:4      | Found a runed door.
  4534 | D:4      | Noticed Crazy Yiuf
  4546 | D:4      | Killed Crazy Yiuf
  5036 | D:4      | Reached skill level 9 in Polearms
  5079 | D:5      | Entered Level 5 of the Dungeon
  5107 | D:5      | Reached XP level 9. HP: 85/85 MP: 9/9
  5242 | D:5      | Reached skill level 10 in Polearms
  5494 | D:5      | Gained mutation: You are hated by all. [Ru sacrifice]
  5494 | D:5      | Reached * piety under Ru
  5789 | D:5      | Found a glowing silver altar of Zin.
  6466 | D:6      | Noticed Menkaure
  6470 | D:6      | Killed Menkaure
  6656 | D:6      | Found a blossoming altar of Fedhas.
  6718 | D:6      | Noticed Grinder
  6718 | D:6      | Paralysed by Grinder for 3 turns
  6731 | D:6      | Paralysed by Grinder for 3 turns
  6743 | D:6      | Killed Grinder
  6743 | D:6      | Reached skill level 11 in Polearms
  6804 | D:6      | Found a staircase to the Ecumenical Temple.
  6962 | D:6      | Noticed Blork the orc
  6970 | D:6      | Killed Blork the orc
  6996 | D:6      | Reached XP level 10. HP: 84/92 MP: 10/10
  7566 | D:7      | Found a radiant altar of Vehumet.
  7623 | D:7      | Reached skill level 12 in Polearms
  7657 | D:7      | Found an iron altar of Okawaru.
  7768 | D:7      | Gained mutation: You cannot study or cast Ice magic. [Ru sacrifice]
  7768 | D:7      | Gained mutation: You cannot study or cast Necromancy magic. [Ru sacrifice]
  7768 | D:7      | Gained mutation: You cannot study or cast Conjurations magic. [Ru sacrifice]
  7768 | D:7      | Reached ** piety under Ru
  8027 | D:7      | Reached skill level 13 in Polearms
  8841 | D:8      | Found a staircase to the Lair.
  8848 | D:8      | Found a hide-covered altar of Uskayaw.
  9161 | D:8      | Noticed Maurice
  9196 | D:8      | Found a white marble altar of Elyvilon.
  9203 | D:8      | Noticed Psyche
  9636 | D:8      | Reached skill level 14 in Polearms
  9737 | D:8      | Found a runed door.
  9763 | D:8      | Found a runed door.
 10032 | D:8      | Noticed a purple ugly thing
 10101 | D:8      | Killed a purple ugly thing
 10124 | D:8      | Killed Psyche
 10439 | D:8      | Found a shimmering altar of Xom.
 10518 | D:8      | Killed Maurice
 10518 | D:8      | Reached XP level 11. HP: 98/98 MP: 11/11
 10607 | D:8      | Gained mutation: Your casting is slightly disrupted. [Ru sacrifice]
 10980 | D:9      | Gained mutation: You passively map a small area around you. [potion of beneficial mutation]
 11204 | D:9      | Got a thick robe
 11215 | D:9      | Identified the cursed +1 robe of Rotation {-Tele rElec rF+ rC+} (You found it on level 9 of the Dungeon)
 11631 | D:9      | Found a shattered altar of Ashenzari.
 11740 | D:10     | Entered Level 10 of the Dungeon
 11740 | D:10     | Found Qatogurr's Food Boutique.
 11764 | D:10     | Noticed Snorg
 11923 | D:10     | Noticed Lahna's ghost (novice GrGl)
 11937 | D:10     | Killed Lahna's ghost
 12424 | D:10     | Found a staircase to the Orcish Mines.
 12453 | D:10     | Found a roughly hewn altar of Beogh.
 13196 | D:8      | Found a sparkling altar of Nemelex Xobeh.
 13204 | Lair:1   | Entered Level 1 of the Lair of Beasts
 13339 | Lair:1   | Gained mutation: You are somewhat unskilled. (-1 Apt) [Ru sacrifice]
 13339 | Lair:1   | Reduced skill Polearms to level 13
 13339 | Lair:1   | Reduced skill Throwing to level 1
 13339 | Lair:1   | Reached *** piety under Ru
 13339 | Lair:1   | Reached **** piety under Ru
 13382 | Lair:1   | Noticed an oklob plant
 13726 | Lair:1   | Reached skill level 14 in Polearms
 14072 | Lair:2   | Reached skill level 1 in Stealth
 14245 | Lair:2   | Reached XP level 12. HP: 93/102 MP: 12/12
 14440 | Lair:2   | Noticed Gastronok
 14487 | Lair:2   | Killed Gastronok
 15421 | Lair:3   | Gained mutation: You cannot train Armour skill. [Ru sacrifice]
 15421 | Lair:3   | Reached ***** piety under Ru
 15786 | Lair:3   | Found a white marble altar of Elyvilon.
 15984 | Lair:3   | Learned a level 2 spell: Blink
 15987 | Lair:3   | Learned a level 2 spell: Repel Missiles
 16023 | Lair:3   | Reached skill level 1 in Spellcasting
 16137 | Lair:3   | Noticed a seven-headed hydra
 16161 | Lair:3   | Killed a seven-headed hydra
 16718 | Lair:4   | Found a staircase to the Shoals.
 16976 | Lair:4   | Reached XP level 13. HP: 108/108 MP: 20/20
 17093 | Lair:4   | Reached skill level 5 in Spellcasting
 17135 | Lair:4   | Found a hole to the Spider Nest.
 17892 | Lair:5   | Found a staircase to the Slime Pits.
 17963 | Lair:6   | Entered Level 6 of the Lair of Beasts
 18023 | Lair:6   | Found a frozen archway.
 18058 | IceCv    | Entered an ice cave
 18657 | IceCv    | Noticed an ice dragon
 18659 | IceCv    | Noticed an ice dragon
 18676 | IceCv    | Killed an ice dragon
 18676 | IceCv    | Reached skill level 1 in Translocations
 18689 | IceCv    | Killed an ice dragon
 18919 | IceCv    | Got a scintillating turquoise ring
 18920 | IceCv    | Identified the ring of Usuruol {Fire rElec Int+7} (You found it in an ice cave)
 19862 | Lair:5   | Reached skill level 1 in Charms
 20308 | Lair:6   | Reached XP level 14. HP: 112/115 MP: 26/26
 20319 | Lair:6   | Reached skill level 1 in Air Magic
 21431 | Lair:6   | Reached skill level 5 in Air Magic
 22372 | Lair:6   | Found a runed door.
 24074 | Orc:1    | Entered Level 1 of the Orcish Mines
 24080 | Orc:1    | Noticed Urug
 24084 | Orc:1    | Noticed Fannar
 24091 | Orc:1    | Killed Urug
 24091 | Orc:1    | Reached skill level 15 in Dodging
 24117 | Orc:1    | Killed Fannar
 24808 | Orc:2    | Entered Level 2 of the Orcish Mines
 24808 | Orc:2    | Noticed Kiel97's ghost (journeyman HuWn)
 24863 | Orc:2    | Noticed a stone giant
 24880 | Orc:1    | Killed a stone giant
 25018 | Orc:2    | Killed Kiel97's ghost
 25031 | Orc:2    | Reached XP level 15. HP: 33/120 MP: 27/27
 25945 | Orc:2    | Found a staircase to the Elven Halls.
 26526 | Orc:2    | Found Rocuc's Armour Shop.
 26530 | Orc:2    | Found Nuoguf's Jewellery Emporium.
 26540 | Orc:2    | Found Iseufem's Assorted Antiques.
 26542 | Orc:2    | Found Pawn's Gadget Shop.
 27113 | D:11     | Identified a +0 rod of inaccuracy (10/10) (You found it on level 11 of the Dungeon)
 27634 | D:12     | Noticed Kirke
 27670 | D:12     | Killed Kirke
 27732 | D:12     | Found a glowing silver altar of Zin.
 27760 | D:12     | Noticed Azrael
 27778 | D:12     | Killed Azrael
 27787 | D:12     | Killed Snorg
 28891 | D:13     | Found a labyrinth entrance.
 28896 | Lab      | Entered a labyrinth
 28943 | Lab      | Found an exit through the horrors of the Abyss.
 29221 | Lab      | Identified a +2 rod of clouds (5/9) (You took it off a minotaur in a labyrinth)
 29222 | Lab      | Identified a +2 rod of shadows (10/10) (You found it in a labyrinth)
 29235 | Lab      | Got a pair of ichor-stained boots
 29241 | Lab      | Identified the cursed -6 pair of boots of Patterns {-Tele Int+4} (You found it in a labyrinth)
 29795 | D:13     | Gained mutation: You evolve. [potion of beneficial mutation]
 29943 | D:13     | Gained mutation: You are frail. (-10% HP) [Ru sacrifice]
 29943 | D:13     | Reached ****** piety under Ru
 29952 | D:13     | Gained mutation: Your mind is acute. (Int +2) [evolution]
 30629 | D:13     | Learned a level 2 spell: Swiftness
 30672 | D:13     | Reached skill level 15 in Polearms
 31075 | D:14     | Found a gate to the Vaults.
 31237 | D:14     | Reached skill level 16 in Polearms
 31626 | D:14     | Reached XP level 16. HP: 75/114 MP: 28/28
 32089 | D:14     | Found Ibamel's Antique Weapon Shoppe.
 32717 | D:14     | Got a smelly leather armour
 32738 | D:14     | Reached skill level 17 in Polearms
 32760 | D:14     | Identified the +1 leather armour of Oplir {+Fly rCorr Str+9 Int-3} (You found it on level 14 of the Dungeon)
 33241 | D:15     | Entered Level 15 of the Dungeon
 33465 | D:15     | Noticed Lahna's ghost (adept MiFi)
 34004 | D:14     | Reached skill level 18 in Polearms
 34060 | D:15     | Noticed Josephine
 34121 | D:15     | Killed Josephine
 35336 | D:15     | Reached skill level 19 in Polearms
 36209 | D:15     | Killed Lahna's ghost
 36209 | D:15     | Reached skill level 1 in Shields
 36640 | D:15     | Found a staircase to the Depths.
 37051 | Spider:1 | Entered Level 1 of the Spider Nest
 37617 | Spider:1 | Reached skill level 5 in Shields
 37941 | Spider:1 | Learned a level 2 spell: Shroud of Golubria
 37945 | Spider:1 | Learned a level 3 spell: Lesser Beckoning
 37949 | Spider:1 | Learned a level 3 spell: Portal Projectile
 37993 | Spider:1 | Reached XP level 17. HP: 109/119 MP: 29/29
 39898 | Spider:4 | Entered Level 4 of the Spider Nest
 40504 | Spider:4 | Reached skill level 10 in Shields
 41393 | Spider:4 | Noticed Agnes
 41402 | Spider:4 | Killed Agnes
 41955 | Spider:3 | HP: 5/119 [poisoned by a ghost moth]
 41961 | Spider:3 | HP: 5/119 [poisoned by a ghost moth]
 41969 | Spider:3 | HP: 5/119 [poisoned by a ghost moth]
 42301 | Spider:3 | Reached XP level 18. HP: 106/126 MP: 30/30
 43065 | Spider:4 | Got a gossamer rune of Zot
 43261 | Shoals:1 | Entered Level 1 of the Shoals
 44759 | Shoals:2 | Gained mutation: Armour fits poorly on your strangely shaped body. [evolution]
 44759 | Shoals:2 | Lost mutation: You evolve. [end of evolution]
 47316 | Shoals:4 | Entered Level 4 of the Shoals
 47376 | Shoals:4 | Reached skill level 15 in Shields
 47426 | Shoals:4 | Reached XP level 19. HP: 120/133 MP: 25/31
 47459 | Shoals:4 | Got a barnacled rune of Zot
 47918 | Vaults:1 | Entered Level 1 of the Vaults
 48510 | Vaults:1 | Reached skill level 20 in Polearms
 48873 | Vaults:1 | Found Jiot's Gadget Emporium.
 50077 | Vaults:2 | Found a staircase to the Crypt.
 50077 | Vaults:2 | Found an ancient bone altar of Kikubaaqudgha.
 50077 | Vaults:2 | Found a basalt altar of Yredelemnul.
 50189 | Vaults:2 | Reached skill level 15 in Fighting
 50331 | Vaults:2 | Found a flickering gateway to a bazaar.
 50337 | Bazaar   | Entered a bazaar
 50337 | Bazaar   | Found Vaqax's Distillery.
 50344 | Bazaar   | Found Odelol's General Store.
 50352 | Bazaar   | Found Licoinag's Jewellery Emporium.
 50363 | Bazaar   | Found Guoleb's Antique Weapon Boutique.
 50379 | Bazaar   | Found Hutaagej's Antique Armour Shoppe.
 50387 | Bazaar   | Bought a pair of embroidered boots for 367 gold pieces
 50393 | Bazaar   | Identified a +1 pair of boots of running (You bought it in a shop in a bazaar)
 50415 | Bazaar   | Bought 2 potions of agility for 120 gold pieces
 50415 | Bazaar   | Bought a potion of cancellation for 120 gold pieces
 50415 | Bazaar   | Bought a potion of heal wounds for 75 gold pieces
 50415 | Bazaar   | Bought a potion of berserk rage for 75 gold pieces
 50415 | Bazaar   | Bought a potion of curing for 45 gold pieces
 50415 | Bazaar   | Bought a potion of agility for 60 gold pieces
 50446 | Bazaar   | Bought a scroll of identify for 28 gold pieces
 50446 | Bazaar   | Bought a scroll of enchant weapon for 105 gold pieces
 50446 | Bazaar   | Bought 2 throwing nets for 84 gold pieces
 50446 | Bazaar   | Bought a potion of curing for 42 gold pieces
 50446 | Bazaar   | Bought a scroll of recharging for 133 gold pieces
 50729 | Vaults:2 | Got a warped bone ring
 50731 | Vaults:2 | Identified the ring "Dyit" {+Fly Int+4} (You found it on level 2 of the Vaults)
 51344 | Vaults:2 | Reached XP level 20. HP: 147/147 MP: 32/32
 51898 | Vaults:2 | Noticed a Brimstone Fiend
 52776 | Vaults:3 | Found a flickering gateway to a bazaar.
 52796 | Bazaar   | Entered a bazaar
 52797 | Bazaar   | Found Ned Wueb's Weapon Emporium.
 52797 | Bazaar   | Found Kofeuc Sill's Distillery.
 52798 | Bazaar   | Found Wuugrey's Jewellery Shop.
 52829 | Bazaar   | Found Waong's Antique Armour Boutique.
 52837 | Bazaar   | Bought a pair of scorched gloves for 294 gold pieces
 52847 | Bazaar   | Identified the cursed -7 pair of gloves "Yhyplauc" {rElec rC- Int+9} (You bought it in a shop in a bazaar)
 52863 | Bazaar   | Bought a fine robe for 176 gold pieces
 52876 | Bazaar   | Identified the +0 robe of Existentialism {rPois Int+2} (You bought it in a shop in a bazaar)
 52903 | Bazaar   | Bought 2 potions of curing for 84 gold pieces
 52903 | Bazaar   | Bought a potion of curing for 42 gold pieces
 52903 | Bazaar   | Bought a potion of berserk rage for 70 gold pieces
 52903 | Bazaar   | Bought a potion of ambrosia for 112 gold pieces
 52903 | Bazaar   | Bought a potion of agility for 56 gold pieces
 52903 | Bazaar   | Bought a potion of resistance for 140 gold pieces
 52918 | Bazaar   | Bought a +4 ring of slaying for 858 gold pieces
 53458 | Vaults:3 | Got an encrusted scale mail
 53496 | Vaults:3 | Identified the +8 scale mail of Mezcal {+Fly rElec rF+ rN+} (You found it on level 3 of the Vaults)
 53983 | Vaults:4 | Identified a scroll of acquirement
 54019 | Vaults:4 | Got a scorched lapis lazuli ring
 54020 | Vaults:4 | Identified the ring of Beauty {rF- rC++ MP+9} (You acquired it on level 4 of the Vaults)
 55472 | Vaults:4 | Reached XP level 21. HP: 102/161 MP: 21/33
 55893 | Crypt:1  | Entered Level 1 of the Crypt
 57218 | Crypt:1  | Noticed Mennas
 57296 | Vaults:2 | Killed Mennas
 58464 | Crypt:2  | Reached skill level 21 in Polearms
 58585 | Crypt:2  | Mangled by a phantasmal warrior

Skill      XL: |  1  2  3  4  5  6  7  8  9 10 11 12 13 14 15 16 17 18 19 20 21 |
---------------+----------------------------------------------------------------+-----
Dodging        | 5 6 7 8 10 11 13 15 18 | 18.0
Polearms       | 8 9 11 14 14 16 19 20 21 | 21.3
Fighting       | 13 12 15 18 20 | 20.0
Throwing       | 1 |  1.7
Stealth        | 3 9 |  9.5
Spellcasting   | 4 8 |  8.0
Translocations | 4 |  4.0
Charms         | 4 |  4.1
Air Magic      | 5 |  5.0
Shields        | 5 11 15 | 15.0

Action                   |  1- 3 |  4- 6 |  7- 9 | 10-12 | 13-15 | 16-18 | 19-21 || total
-------------------------+-------+-------+-------+-------+-------+-------+-------++-------
Melee: Trident           |   133 |   242 |   329 |   736 |  2057 |  2303 |  1794 ||  7594
       Spear             |       |       |       |   304 |       |       |       ||   304
       Halberd           |       |       |       |    43 |       |       |       ||    43
       Tailslap          |       |       |       |       |     2 |    61 |     5 ||    68
       Demon trident     |       |       |       |       |       |       |   409 ||   409
Invok: Sacrifice Love    |       |       |     1 |       |       |       |       ||     1
       Sacrifice Arcana  |       |       |       |     1 |       |       |       ||     1
       Sacrifice Essence |       |       |       |     1 |       |       |       ||     1
       Sacrifice Skill   |       |       |       |     1 |       |       |       ||     1
       Sacrifice Durabil |       |       |       |     1 |       |       |       ||     1
       Reject Sacrifices |       |       |       |       |     1 |       |       ||     1
       Power Leap        |       |       |       |       |     3 |     2 |     2 ||     7
       Draw Out Power    |       |       |       |       |     1 |     1 |     1 ||     3
       Sacrifice Health  |       |       |       |       |     1 |       |       ||     1
       Apocalypse        |       |       |       |       |       |     1 |       ||     1
Evoke: Wand              |       |       |       |     7 |     2 |     5 |     4 ||    18
  Use: Potion            |       |     8 |     1 |     9 |     7 |     5 |     2 ||    32
       Scroll            |       |     8 |     1 |    17 |    18 |    13 |    19 ||    76
 Stab: Sleeping          |     3 |     5 |     4 |    16 |    45 |    29 |    23 ||   125
       Held in net/web   |       |       |       |     1 |       |       |       ||     1
       Invisible         |       |       |       |     3 |     9 |    24 |     4 ||    40
       Distracted        |       |       |       |     3 |    22 |    33 |    18 ||    76
       Paralysed         |       |       |       |       |     3 |     4 |       ||     7
  Eat: Chunk             |     1 |     7 |    10 |    28 |    20 |     7 |     6 ||    79
       Beef jerky        |       |     1 |       |     3 |     4 |     3 |       ||    11
       Fruit             |       |       |       |       |    14 |     9 |     5 ||    28
       Pizza             |       |       |       |       |     8 |     3 |     1 ||    12
       Meat ration       |       |       |       |       |       |     5 |     6 ||    11
Armor: Leather armour    |    20 |    29 |    18 |    73 |   205 |   147 |    30 ||   522
       Scale mail        |       |       |       |       |       |       |    88 ||    88
Dodge: Dodged            |    73 |   170 |   165 |   498 |  1112 |   915 |   473 ||  3406
Block: Other             |       |       |       |       |    24 |    73 |       ||    97
       Reflection        |       |       |       |       |     2 |    42 |    79 ||   123
       Shield            |       |       |       |       |       |  1243 |  1170 ||  2413
       Large shield      |       |       |       |       |       |       |    41 ||    41
